 Dungeon Crawl Stone Soup version 0.27-a0-333-gfa571bf19a (webtiles) character file.

Game seed: 5391012488850689924

338 inc the Jinx (level 6, -2/24 HPs)
             Began as a Felid Enchanter on Feb 12, 2021.
             Was an Initiate of Yredelemnul.
             Slain by a gnoll
             ... wielding a +0 halberd
              (15 damage)
             ... on level 7 of the Dungeon.
             The game lasted 00:09:13 (8128 turns).

inc the Jinx (Felid Enchanter)                      Turns: 8128, Time: 00:09:14

Health: -2/24      AC:  2    Str:  4    XL:     6   Next: 29%
Magic:  7/10       EV: 18    Int: 17    God:    Yredelemnul [......]
Gold:   241        SH:  0    Dex: 18    Spells: 0/9 levels left
                                        Lives:  0   Deaths: 2

rFire    . . .     SeeInvis +     - Unarmed
rCold    + . .     Faith    .   (shield unavailable)
rNeg     . . .     Spirit   .   (armour unavailable)
rPois    .         Reflect  .   (helmet unavailable)
rElec    .         Harm     .   (cloak unavailable)
rCorr    .         Rampage  .   (gloves unavailable)
Will     .....                  (boots unavailable)
Stlth    ++++......             c - amulet of magic regeneration
HPRegen  0.08/turn              o - ring of protection from cold
MPRegen  0.37/turn              (no ring)

@: lethally poisoned (-2 -> -6), quick
A: very small, no armour, no weapons or thrown items, stealth, claws 1, fangs 3,
see invisible, speed 1, shaggy fur 2, sharp paws
a: Renounce Religion


You were on level 7 of the Dungeon.
You worshipped Yredelemnul.
Yredelemnul was noncommittal.
You visited 2 branches of the dungeon, and saw 8 of its levels.

You collected 241 gold pieces.

Inventory:

Jewellery
 c - an amulet of magic regeneration (around neck)
 o - a ring of protection from cold (left paw)
 r - a ring of poison resistance {unknown}
Wands
 l - a wand of flame (28)
Scrolls
 a - a scroll of teleportation {unknown}
 f - a scroll of fog {unknown}
 h - a scroll of identify {unknown}
 i - a scroll of magic mapping {unknown}
 j - a scroll of enchant weapon {unknown}
 k - 2 scrolls of enchant armour {unknown}
 n - a scroll of fear {unknown}
 p - a scroll of random uselessness {unknown}
 q - a scroll of blinking {unknown}
Potions
 b - 2 potions of heal wounds {unknown}
 d - 2 potions of ambrosia {unknown}
 e - 2 potions of cancellation {unknown}
 g - a potion of resistance {unknown}
 m - 3 potions of curing {unknown}


   Skills:
 - Level 2.6 Dodging
 - Level 6.5 Stealth
 - Level 3.5 Unarmed Combat
 - Level 2.0 Spellcasting
 + Level 11.7 Hexes
 - Level 0.2 Ice Magic


You couldn't memorise any spells.
You knew the following spells:

 Your Spells              Type           Power        Failure   Level
a - Tukima's Dance        Hex            41%          1%          3
b - Ensorcelled Hibernat  Hex/Ice        42%          2%          2
c - Confusing Touch       Hex            41%          1%          3
i - Corona                Hex            45%          1%          1

Your spell library contained the following spells:

 Spells                   Type           Power        Failure   Level
 Dazzling Flash           Conj/Hex       42%          5%          3


Dungeon Overview and Level Annotations

Branches:
Dungeon (7/15)             Temple (1/1) D:5

Altars:
Ashenzari
Cheibriados
Dithmenos
Elyvilon
Fedhas
Hepliaklqana
Kikubaaqudgha
Makhleb
Nemelex Xobeh
Okawaru
Qazlal
Ru
Sif Muna
Trog
Vehumet
Wu Jian
Yredelemnul
Zin
The Shining One

Annotations:
D:5 1 runed translucent door, Fenrir042's ghost, novice OpMo
D:7 Pikel


Innate Abilities, Weirdness & Mutations

You cannot wear armour.
You are incapable of wielding weapons or throwing items.
Your paws allow you to move quietly. (Stealth)
You have sharp claws.
You have razor-sharp teeth.
You have supernaturally acute eyesight. (SInv)
You cover ground quickly.
You are covered in thick fur. (AC +2)
Your sharp claws are effective at attacking unaware monsters.


Message History

Found an escape hatch in the ceiling.
You feel sick.
Casting: Confusing Touch (safe; 1% risk of failure)
Confirm with . or Enter, or press ? or * to list all spells.
Aiming: Ensorcelled Hibernation (safe; 2% risk of failure)
Press: ? - help, Shift-Dir - straight line, f - gnoll
Aim: a gnoll, wielding a +2 spear of venom (chance to affect: 60%)
The gnoll resists with significant effort.
You feel sick. The gnoll misses you.
Casting: Ensorcelled Hibernation (safe; 2% risk of failure)
Confirm with . or Enter, or press ? or * to list all spells.
Aiming: Ensorcelled Hibernation (safe; 2% risk of failure)
Press: ? - help, Shift-Dir - straight line, f/p - gnoll
Aim: a gnoll, wielding a +2 spear of venom (chance to affect: 60%)
The gnoll looks drowsy...
The lemure shouts!
You hear a shout!
Pikel the Slaver comes into view.
He is wielding a +2 whip of flaming.
You feel sick.
A gnoll comes into view. It is wielding a +1 whip of venom.
The helpless gnoll fails to defend itself.
You mangle the gnoll!!
You kill the gnoll!
Yredelemnul accepts your kill.
You feel sick.
You feel sick.
You feel sick.
Casting: Ensorcelled Hibernation (safe; 2% risk of failure)
Confirm with . or Enter, or press ? or * to list all spells.
Aiming: Ensorcelled Hibernation (safe; 2% risk of failure)
Press: ? - help, Shift-Dir - straight line, f - gnoll
Aim: a gnoll, wielding a +0 halberd (chance to affect: 60%)
The gnoll looks drowsy...
You feel sick.
A lemure comes into view. 2 lemures come into view.
The lemure shouts!
You hear a shout! x2; The gnoll shouts!
The gnoll hits you with a +0 halberd!
Ouch! That really hurt!
You die...
Your body rises from the dead as a mindless zombie.

#....#
#########....#
#.......#....#
#.......#....#
#.......#....#
#.......#....#
#.......#....#
#.......#....#
#.......#.K@.#
#.....†.#.g..#
#.......#.g..####
#........5.......
#......)#########
#...5...#
(.....5..#
.....5...#
..>.g.g...


You could see Pikel, 4 lemures and 2 gnolls.

Vanquished Creatures
  An ogre (D:6)
  Blork the orc (D:5)
  2 bullfrogs (D:6)
  4 killer bees
  A quasit (D:6)
  2 orc priests (D:4)
  2 hounds
  A bullfrog skeleton (D:5)
  A centaur skeleton (D:4)
  An iguana (D:5)
  6 worker ants
  2 orc wizards (D:4)
  A gnoll (D:7)
  7 adders
  An ufetubus (D:6)
  An ooze (D:4)
  An adder skeleton (D:6)
  4 worms
  7 leopard geckos
  5 orcs
  2 bats
  4 giant cockroaches
  8 goblins
  5 hobgoblins
  5 jackals
  3 quokkas
  A ball python skeleton (D:4)
  3 frilled lizards
  A jackal zombie (D:7)
  4 kobolds
  7 rats
94 creatures vanquished.

Notes
Turn   | Place    | Note
-------+----------+-------------------------------------------
     0 | D:1      | inc the Felid Enchanter began the quest for the Orb.
     0 | D:1      | Reached XP level 1. HP: 7/7 MP: 4/4
    93 | D:1      | Reached skill level 5 in Hexes
   492 | D:2      | Reached XP level 2. HP: 11/11 MP: 6/6
   595 | D:2      | Learned a level 2 spell: Ensorcelled Hibernation
  1253 | D:2      | Reached XP level 3. HP: 14/14 MP: 3/7
  1407 | D:2      | You fall into a shaft and drop 1 floor!
  1606 | D:3      | Reached skill level 5 in Stealth
  1610 | D:3      | Reached XP level 4. HP: 12/18 MP: 4/8
  2849 | D:4      | Reached XP level 5. HP: 15/21 MP: 6/9
  3672 | D:5      | Entered Level 5 of the Dungeon
  3688 | D:5      | Learned a level 3 spell: Tukima's Dance
  3690 | D:5      | Found a runed translucent door.
  3780 | D:5      | Found an ornate altar of the Wu Jian Council.
  3813 | D:5      | Reached skill level 6 in Hexes
  3813 | D:5      | Gained mutation: You are covered in thick fur. (AC +2)
                  | [Felid growth]
  3813 | D:5      | Reached XP level 6. HP: 24/24 MP: 10/10
  3894 | D:5      | Found a hazy altar of Hepliaklqana.
  3894 | D:5      | Found a white marble altar of Elyvilon.
  3902 | D:5      | Found a faded altar of an unknown god.
  3904 | D:5      | Found a shadowy altar of Dithmenos.
  3905 | D:5      | Found a faded altar of an unknown god.
  4121 | D:5      | Found a staircase to the Ecumenical Temple.
  4130 | Temple   | Entered the Ecumenical Temple
  4229 | Temple   | Became a worshipper of Yredelemnul the Dark
  4332 | D:5      | Noticed Fenrir042's ghost (novice OpMo)
  4358 | D:5      | Noticed Blork the orc
  4382 | D:5      | Killed Blork the orc
  4383 | D:5      | Reached skill level 7 in Hexes
  4675 | D:5      | Learned a level 3 spell: Confusing Touch
  5279 | D:4      | Reached skill level 8 in Hexes
  5780 | D:4      | Reached XP level 7. HP: 27/27 MP: 5/11
  5887 | D:4      | Reached skill level 9 in Hexes
  6095 | D:6      | Reached skill level 10 in Hexes
  6516 | D:6      | You fall into a shaft and drop 1 floor!
  6520 | D:7      | Found a sparkling altar of Nemelex Xobeh.
  6540 | D:6      | Slain by a killer bee
  6541 | D:6      | Reached XP level 6. HP: 0/24 MP: 6/10
  6846 | D:6      | Reached skill level 11 in Hexes
  6846 | D:6      | Reached XP level 7. HP: 16/27 MP: 9/11
  8091 | D:7      | Hit by a boomerang thrown by an orc
  8092 | D:7      | Reached XP level 6. HP: 0/24 MP: 5/10
  8114 | D:7      | Noticed Pikel
  8128 | D:7      | Slain by a gnoll

Illustrated notes

Levels and vault maps discovered:
D:1:      dpeg_arrival_castle, layout_loops_ring
D:2:      layout_basic
D:3:      minmay_diamond_boxcup, layout_loops_ring
D:4:      layout_cave_pods, minmay_quadrilaterals
D:5:      layout_loops_cross, old_standard_altar,
          chequers_temple_overflow_minitemple, lemuel_temple_firewalk_b,
          serial_rivers, chequers_serial_rivers_small_b,
          chequers_serial_rivers_marsh, chequers_serial_rivers_micro_c,
          chequers_serial_rivers_micro_e, chequers_serial_rivers_large_a,
          chequers_serial_rivers_large_b, gammafunk_ghost_grave,
          uniq_blork_the_orc
D:6:      layout_layer_cave, minmay_misc_feat_secret_circle
D:7:      layout_basic, nicolae_overflow_hidden_temple, old_standard_altar,
          uniq_pikel, uniq_joseph, uniq_harold
Temple:   nicolae_temple_great_sept

Skill      XL: |  1  2  3  4  5  6  7 |
---------------+----------------------+-----
Hexes          | 5 6 11 10 | 11.7
Unarmed Combat | 2 3 |  3.5
Stealth        | 5 6 |  6.5
Dodging        | |  2.6
Spellcasting   | |  2.0
Ice Magic      | |  0.2

Action                   |  1- 3 |  4- 6 |  7- 9 || total
-------------------------+-------+-------+-------++-------
Melee: Unarmed           |    54 |   104 |    40 ||   198
       Bite              |     4 |     3 |     2 ||     9
       Punch             |       |       |     1 ||     1
 Cast: Corona            |     5 |       |       ||     5
       Ensorcelled Hiber |    25 |    60 |    32 ||   117
       Confusing Touch   |       |     3 |     3 ||     6
       Tukima's Dance    |       |       |     1 ||     1
 Stab: Sleeping          |    20 |    42 |    12 ||    74
       Confused          |       |     3 |     2 ||     5
Armor: Skin              |     1 |     5 |     4 ||    10
Dodge: Dodged            |    48 |    89 |    80 ||   217

Table legend: (Time is in decaauts)
 A = Elapsed time spent in this place.
 B = Non-inter-level travel time spent in this place.
 C = Inter-level travel time spent in this place.
 D = Time resting spent in this place.
 E = Time spent auto-exploring this place.
 F = Levels seen in this place.
 G = Mean time per level.
                   A        B        C        D        E       F      G
               +--------+--------+--------+--------+--------+-----+--------+
         Total |   7321 |   7098 |    223 |   2551 |   3460 |   8 |  915.1 |
       Dungeon |   7232 |   7018 |    214 |   2551 |   3432 |   7 | 1033.1 |
        Temple |     89 |     80 |      9 |      0 |     27 |   1 |   89.0 |
               +--------+--------+--------+--------+--------+-----+--------+

Top non-repeatable levels by time:
     D:3: 1509 daAuts
     D:6: 1477 daAuts
     D:5: 1474 daAuts
     D:4: 1432 daAuts
     D:2: 992 daAuts
     D:1: 289 daAuts
  Temple: 89 daAuts
     D:7: 57 daAuts
